Map: King's Cove LE

Players

souL

  • Race: Terran Terran
  • Spawn Location: 5:00

Bly - Winner!

  • Race: Zerg Zerg
  • Spawn Location: 11:00

Event: 2019 WCS Summer

VOD

Have the link to the VOD?

Description

Time

  • Played on: July 12, 2019, 11:59 a.m.
  • Length: 10:44

All games in this series

Show
View Real Time Build Order
Export as new Build Order

souL Terran 

Build Orders: Gas First Reaper Expand 

Get SALT Encoding   

  12  0:00  SCV  
  13  0:13  SCV  
  14  0:17  Supply Depot  
  14  0:25  SCV  
  15  0:29  Refinery  
  15  0:39  SCV  
  16  0:45  Barracks  
  16  0:51  SCV  
  17  1:03  SCV  
  18  1:15  SCV  
  19  1:33  Orbital Command, Reaper  
  20  1:46  Command Center  
  20  1:58  Factory  
  20  2:02  SCV  
  21  2:08  Barracks Reactor  
  21  2:13  Supply Depot  
  21  2:17  SCV  
  21  2:21  Refinery  
  22  2:29  SCV  
  23  2:41  SCV  
  24  2:45  Starport  
  24  2:53  SCV  
  24  2:56  Hellion  
  27  2:59  Hellion  
  27  3:05  SCV  
  30  3:07  Orbital Command  
  30  3:17  SCV  
  31  3:21  Hellion  
  33  3:29  Viking, SCV  
  36  3:35  SCV  
  36  3:39  Barracks Tech Lab  
  37  3:41  SCV  
  37  3:44  Engineering Bay  
  37  3:47  SCV  
  39  3:53  SCV  
  39  3:54  Bunker  
  39  4:00  SCV, Supply Depot  
  40  4:06  SCV  
  44  4:12  SCV  
  44  4:19  SCV  
  44  4:24  SCV  
  43  4:29  Command Center  
  43  4:31  Siege Tank, SCV, Starport Reactor  
  44  4:33  Supply Depot  
  44  4:35  Marine x2  
  44  4:37  SCV  
  50  4:43  SCV  
  50  4:44  Supply Depot  
  51  4:48  Supply Depot  
  51  4:49  SCV, Supply Depot  
  52  4:52  Marine x2  
  54  5:06  Siege Tank, SCV x2  
  59  5:08  Bunker  
  60  5:18  SCV x2  
  62  5:22  Barracks  
  62  5:23  Barracks  
  62  5:27  Engineering Bay  
  61  5:28  Engineering Bay  
  61  5:30  SCV x2  
  61  5:31  Barracks Tech Lab  
  61  5:32  Starport Reactor  
  63  5:41  Orbital Command, Refinery x2  
  63  5:42  SCV  
  64  5:43  Supply Depot  
  64  5:48  SCV  
  65  5:50  Marine  
  65  5:51  Stimpack  
  65  5:54  SCV, Terran Infantry Weapons Level 1  
  65  5:57  Terran Infantry Armor Level 1  
  67  6:00  SCV  
  68  6:05  Missile Turret  
  68  6:10  SCV  
  68  6:11  Marine, SCV  
  71  6:13  Barracks Reactor  
  71  6:17  SCV  
  68  6:19  Missile Turret  
  68  6:20  Marine x2  
  68  6:24  Missile Turret  
  68  6:25  Missile Turret  
  68  6:28  Marine  
  68  6:30  Viking x2  
  71  6:32  Supply Depot  
  71  6:33  SCV  
  71  6:36  Widow Mine  
  71  6:38  Widow Mine  
  76  6:40  Marine  
  76  6:41  SCV  
  76  6:42  SCV  
  76  6:43  Marine  
  76  6:46  Marine  
  81  6:48  Marine x2  
  81  6:50  SCV  
  84  6:57  Marine  
  84  6:58  Widow Mine  
  84  7:01  Marine  
  87  7:03  Widow Mine, Medivac x2  
  87  7:04  Marine  
  87  7:06  Marine x2  
  95  7:15  Marine  
  95  7:19  Marine  
  95  7:21  Armory  
  95  7:22  Marine  
  98  7:23  SCV, Supply Depot  
  98  7:24  Marine x2, Supply Depot  
  98  7:25  SCV  
  101  7:33  Marine, Medivac  
  101  7:34  Orbital Command, Medivac  
  101  7:35  SCV  
  101  7:37  Marine, SCV  
  106  7:40  Marine  
  109  7:44  Supply Depot  
  109  7:45  Marine  
  109  7:46  Missile Turret  
  109  7:47  SCV  
  109  7:48  Supply Depot  
  109  7:51  Marine  
  113  7:55  Factory  
  113  7:57  Combat Shield  
  112  7:58  SCV  
  112  8:00  SCV x2  
  114  8:07  Engineering Bay  
  114  8:09  Marine x2  
  114  8:12  Marine  
  116  8:13  SCV  
  116  8:18  Medivac  
  120  8:20  SCV x2  
  120  8:22  Widow Mine x2  
  120  8:23  Marine  
  120  8:26  Engineering Bay  
  120  8:27  Marine  
  124  8:32  Marine  
  124  8:33  Marine x2  
  120  8:41  Marine  
  120  8:44  Marine  
  122  8:50  Marine x3  
  125  8:57  SCV  
  125  8:59  Marine  
  125  9:00  Missile Turret  
  125  9:01  Widow Mine x2  
  125  9:02  Marine  
  125  9:08  Marine  
  125  9:09  Drilling Claws, Marine  
  120  9:11  Widow Mine, Command Center  
  114  9:17  Engineering Bay  
  114  9:18  Marine  
  114  9:19  Marine  
  114  9:23  Medivac x2  
  102  9:27  Marine, Widow Mine x2  
  97  9:35  Marine x2, SCV  
  99  9:38  Barracks x2  
  98  9:47  Marine  
  98  9:50  SCV x2  
  98  9:51  SCV  
  96  9:56  Missile Turret  
  96  9:57  Marine  
  98  10:02  Widow Mine, SCV  
  98  10:03  SCV x2  
  98  10:04  Widow Mine  
  104  10:13  Marine  
  111  10:15  SCV x3  
  114  10:27  SCV x3  
  115  10:30  Barracks Reactor x2  
Show
View Real Time Build Order
Export as new Build Order

Bly Zerg - Winner!

Build Orders: Hatch First, Muta Ling Bane 

Get SALT Encoding   

  12  0:01  Drone  
  13  0:12  Overlord  
  13  0:17  Drone  
  14  0:30  Drone  
  14  0:32  Drone  
  16  0:51  Hatchery  
  16  0:56  Drone  
  16  0:57  Drone  
  16  1:02  Drone  
  18  1:13  Extractor  
  18  1:18  Spawning Pool  
  16  1:21  Drone  
  16  1:24  Drone  
  18  1:29  Drone  
  19  1:39  Drone  
  20  1:52  Overlord  
  20  2:04  Queen x2  
  20  2:05  Zergling x4  
  26  2:12  Drone  
  27  2:18  Drone  
  27  2:19  Metabolic Boost  
  28  2:30  Drone  
  28  2:32  Extractor  
  28  2:34  Drone x2  
  30  2:38  Drone  
  30  2:41  Spore Crawler  
  30  2:48  Overlord  
  30  2:49  Drone  
  32  2:55  Extractor  
  32  2:57  Drone  
  32  2:58  Drone  
  34  3:07  Queen  
  34  3:08  Drone x2  
  34  3:09  Extractor  
  38  3:18  Drone x4  
  41  3:20  Overlord  
  41  3:25  Extractor  
  40  3:30  Zergling x6  
  42  3:35  Lair  
  43  3:42  Overlord  
  43  3:46  Drone x3  
  43  3:48  Extractor x2  
  45  3:52  Drone x6  
  50  3:57  Drone  
  50  4:00  Extractor  
  50  4:06  Zergling x2  
  51  4:16  Queen  
  51  4:17  Overlord  
  51  4:20  Drone  
  51  4:21  Drone x2  
  56  4:27  Zergling x2  
  56  4:28  Zergling x6  
  56  4:30  Overlord x2  
  60  4:37  Spire  
  59  4:42  Hatchery  
  58  4:58  Drone x9  
  67  5:06  Overlord  
  67  5:07  Overlord  
  67  5:13  Overlord  
  67  5:22  Evolution Chamber x2  
  65  5:30  Drone x9  
  74  5:53  Mutalisk x2  
  74  5:54  Mutalisk x2  
  74  5:56  Mutalisk x3, Zerg Flyer Weapons Level 1  
  88  5:57  Mutalisk  
  90  6:04  Mutalisk  
  90  6:10  Extractor  
  90  6:11  Extractor  
  88  6:21  Drone x7  
  95  6:28  Zerg Ground Armor Level 1, Zerg Melee Weapons Level 1  
  95  6:32  Baneling Nest  
  94  6:45  Overlord  
  94  6:46  Overlord  
  94  6:51  Mutalisk x2  
  94  6:52  Overlord x2  
  98  6:56  Overlord  
  98  6:57  Hatchery  
  97  7:02  Drone  
  98  7:13  Mutalisk x4  
  104  7:16  Drone x4  
  104  7:17  Drone x3  
  104  7:22  Centrifical Hooks  
  111  7:26  Zergling x14  
  118  7:43  Burrow  
  118  7:44  Drone x3  
  120  7:46  Zergling x8  
  120  7:49  Hatchery  
  120  7:51  Hatchery  
  122  7:57  Zerg Flyer Weapons Level 2  
  122  8:08  Zergling x18  
  122  8:09  Baneling x9  
  122  8:10  Baneling x4  
  122  8:11  Overseer  
  129  8:21  Mutalisk x3  
  129  8:22  Overlord x3  
  135  8:31  Zergling x12  
  141  8:39  Baneling x7  
  141  8:43  Zergling x14  
  148  8:55  Mutalisk x4  
  147  8:56  Overlord  
  147  8:58  Overlord  
  147  9:02  Zergling x12  
  157  9:08  Zergling x4, Pneumatized Carapace  
  149  9:22  Mutalisk x3  
  147  9:29  Drone x5  
  150  9:37  Hatchery  
  149  9:38  Extractor  
  149  9:39  Zergling x8  
  149  9:41  Extractor  
  151  9:46  Zergling x4  
  153  9:57  Zergling x20  
  163  10:02  Zergling x4  
  165  10:08  Spore Crawler  
  165  10:11  Overseer x2  
  164  10:22  Baneling x7  
  164  10:23  Zergling x22  
  164  10:27  Infestation Pit  
Tags
 
Add a new tag
Caveats
  • Supply blocks, unpowered buildings, or Contaminate may cause inaccurate times.
  • Supply counts are checked every 10 seconds.